 Dungeon Crawl Stone Soup version 0.28.0 (webtiles) character file.

Game seed: 1476820895144620184

200 Sanktem7 the Covered (level 5, -3/47 HPs)
             Began as a Minotaur Fighter on Feb 9, 2022.
             Was a Follower of Okawaru.
             Slain by an orc (5 damage)
             ... on level 5 of the Dungeon.
             The game lasted 00:06:15 (3479 turns).

Sanktem7 the Covered (Minotaur Fighter)             Turns: 3479, Time: 00:06:17

Health: -3/47      AC:  9    Str: 23    XL:     5   Next: 48%
Magic:  1/1        EV:  9    Int:  5    God:    Okawaru [*.....]
Gold:   247        SH:  4    Dex:  9    Spells: 4/4 levels left

rFire   . . .      SeeInvis .   m - +4 short sword (antimagic)
rCold   . . .      Faith    .   c - +0 buckler
rNeg    . . .      Spirit   .   b - +0 scale mail
rPois   .          Reflect  .   (helmet restricted)
rElec   .          Harm     .   h - +1 cloak
rCorr   .          Rampage  .   (no gloves)
Will    .....                   (no boots)
Stlth   ..........              (no amulet)
HPRegen 0.15/turn               (no ring)
MPRegen 0.07/turn               (no ring)

@: weak-willed
A: horns 2, retaliatory headbutt
a: Renounce Religion, Heroism


You were on level 5 of the Dungeon.
You worshipped Okawaru.
Okawaru was aware of your devotion.
You visited 1 branch of the dungeon, and saw 5 of its levels.

You collected 247 gold pieces.

Inventory:

Hand Weapons
 a - a +0 long sword
 m - a +4 antimagic short sword (weapon)
Missiles
 n - 43 stones (quivered)
Armour
 b - a +0 scale mail (worn)
 c - a +0 buckler (worn)
 h - a +1 cloak (worn)
Scrolls
 e - 3 scrolls of teleportation
 g - a scroll of enchant weapon
 r - a scroll of holy word {unknown}
 t - a scroll of identify {unknown}
 v - a scroll of fog {unknown}
Potions
 d - 3 potions of might
 f - a potion of magic {unknown}
 i - 3 potions of flight {unknown}
 k - 2 potions of brilliance {unknown}
 o - a potion of mutation {unknown}
 q - a potion of berserk rage {unknown}
 s - a potion of invisibility
 u - a potion of haste {unknown}
 w - a potion of degeneration {unknown}


   Skills:
 * Level 4.3 Fighting
 + Level 1.2(2.4) Short Blades
 * Level 3.6(3.8) Long Blades
 * Level 5.1 Armour
 + Level 1.1 Dodging
 + Level 0.2 Stealth
 + Level 4.7 Shields


You had 4 spell levels left.
You didn't know any spells.
Your spell library contained the following spells:

 Spells                   Type           Power      Damage    Failure   Level
 Apportation              Tloc           0%         N/A       86%         1
 Ensorcelled Hibernation  Hex/Ice        0%         N/A       94%         2
 Spider Form              Tmut/Pois      0%         N/A       99%         3
 Anguish                  Hex/Necr       0%         N/A       100%        4
 Animate Skeleton         Necr           Unusable   N/A       N/A         1
 Summon Small Mammal      Summ           Unusable   N/A       N/A         1

Dungeon Overview and Level Annotations

Branches:
Dungeon (5/15)             Temple (0/1) D:4

Altars:
Cheibriados
Okawaru


Innate Abilities, Weirdness & Mutations

You have a pair of horns on your head.
You reflexively headbutt those who attack you in melee.


Message History

Magic quickly surges around you.
It was a scroll of vulnerability.
As you read the scroll labelled GAUMEFAOTOH, it crumbles to dust.
It is a scroll of enchant armour.
Your +0 cloak glows green for a moment.
As you read the scroll labelled WUHAXK XECEI, it crumbles to dust.
It is a scroll of amnesia.
You feel forgetful for a moment.
Your surroundings suddenly seem different.
An adder and an orc come into view.
Found a flail.
The adder hisses angrily.
The orc shouts!
An ogre comes into view. It is wielding a +0 giant club.
An orc comes into view. It is wielding a +0 club.
The orc shouts!
You barely miss the orc. You headbutt the orc!
You kill the orc!
Okawaru accepts your kill.
An orc comes into view.
It is wielding a +1 short sword of electrocution.
You block the adder's attack.
Found a bubbling clear potion.
The ogre hits you with a +0 giant club. The adder bites you but does no damage.
You barely miss the adder. Your headbutt misses the adder.
The adder bites you but does no damage. The orc hits you but does no damage.
The ogre closely misses you. You furiously retaliate!
You headbutt the ogre! You hit the adder.
The adder is moderately wounded.
The adder barely misses you.
You barely miss the adder.
The adder is moderately wounded.
The adder barely misses you. The ogre hits you with a +0 giant club!
You block the orc's attack. The orc hits you but does no damage.
You are electrocuted!
The adder bites you but does no damage.
You miss the adder.
The adder is moderately wounded.
The ogre hits you with a +0 giant club!
* * * LOW HITPOINT WARNING * * *
The adder bites you.
* * * LOW HITPOINT WARNING * * *
The orc hits you with a +0 club.
You die...

#.. ###!##.. ..
..#....
#.##.....
##.......#####
##.............
#. ............
##.. #.)........
.....#.@o.......
......OSo.#####
#....##..## ....
#)## #.. ..# ..
..## . ... ..#.
...#.


You could see an ogre, an adder and 2 orcs.

Vanquished Creatures
  An iguana (D:4)
  An orc wizard (D:3)
  5 adders
  An adder skeleton (D:4)
  A dart slug (D:4)
  13 orcs
  8 endoplasms
  2 giant cockroaches
  6 hobgoblins
  5 jackals
  5 quokkas
  8 ball pythons
  3 bats
  6 frilled lizards
  6 goblins
  8 kobolds
  4 rats
83 creatures vanquished.

Notes
Turn   | Place    | Note
-------+----------+-------------------------------------------
     0 | D:1      | Sanktem7 the Minotaur Fighter began the quest for the Orb.
     0 | D:1      | Reached XP level 1. HP: 19/19 MP: 0/0
   295 | D:1      | You fall into a shaft and drop 1 floor!
   409 | D:2      | Reached skill level 4 in Armour
   409 | D:2      | Reached XP level 2. HP: 14/27 MP: 1/1
   982 | D:2      | Reached XP level 3. HP: 31/33 MP: 0/2
  2014 | D:3      | Found an iron altar of Okawaru.
  2018 | D:3      | Became a worshipper of Warmaster Okawaru
  2077 | D:3      | Reached XP level 4. HP: 29/40 MP: 1/3
  2419 | D:3      | Reached skill level 1 in Dodging
  2471 | D:3      | Found a faded altar of an unknown god.
  2763 | D:4      | Reached XP level 5. HP: 30/46 MP: 1/4
  2940 | D:4      | Reached * piety under Okawaru
  2941 | D:4      | Reached skill level 5 in Armour
  3093 | D:4      | Found a staircase to the Ecumenical Temple.
  3112 | D:4      | Reached skill level 1 in Short Blades
  3327 | D:4      | Found a snail-covered altar of Cheibriados.
  3466 | D:5      | Entered Level 5 of the Dungeon
  3471 | D:5      | Noticed an ogre
  3479 | D:5      | HP: 2/47 [adder (3)]
  3479 | D:5      | Slain by an orc

Illustrated notes

Levels and vault maps discovered:
D:1:      amcnicky_arrival_single_pillar, layout_basic, minmay_pentomino_p2
D:2:      layout_loops_ring
D:3:      layout_rooms, lemuel_crystal_altar,
          chequers_ecumenical_altar_simple_redux
D:4:      layout_basic, lemuel_round_altar, minmay_temple_entry_large_hall
D:5:      layout_rooms

Skill      XL: |  1  2  3  4  5 |
---------------+----------------+-----
Armour         | 4 5 |  5.1
Fighting       | 4 |  4.3
Long Blades    | 3 |  3.6
Shields        | 4 |  4.7
Dodging        | 1 |  1.1
Short Blades   | 1 |  1.2
Stealth        | |  0.2

Action                   |  1- 3 |  4- 6 || total
-------------------------+-------+-------++-------
Melee: Long sword        |    45 |       ||    45
       Headbutt          |     9 |    11 ||    20
       Short sword       |    45 |    94 ||   139
Throw: Stone             |     3 |       ||     3
  Use: Scroll            |       |     5 ||     5
Armor: Scale mail        |    31 |    48 ||    79
Dodge: Dodged            |    41 |    42 ||    83
Block: Buckler           |    21 |    23 ||    44
